 Dungeon Crawl Stone Soup version 0.21.1-1-g345015f (webtiles) character file.

2608 kae the Martial Artist (level 9, -4/72 HPs)
             Began as a Demonspawn Monk on Apr 21, 2018.
             Was a Believer of Wu Jian.
             Killed from afar by an electric eel (7 damage)
             ... with a bolt of electricity
             ... on level 7 of the Dungeon.
             The game lasted 00:10:02 (7994 turns).

kae the Martial Artist (Demonspawn Monk)            Turns: 7994, Time: 00:10:03

Health: -4/72      AC: 11    Str: 11    XL:     9   Next: 34%
Magic:  9/9        EV:  5    Int: 11    God:    Wu Jian [**....]
Gold:   371        SH:  6    Dex: 20    Spells: 8/8 levels left

rFire    + . .     SeeInvis .     - Unarmed
rCold    . . .     Gourm    .   B - +0 buckler
rNeg     . . .     Faith    .   h - +0 chain mail
rPois    .         Spirit   .   (helmet restricted)
rElec    .         Reflect  .   (no cloak)
rCorr    .         Harm     .   (no gloves)
MR       .....                  (no boots)
Stlth    ..........             (no amulet)
HPRegen  0.22/turn              (no ring)
MPRegen  0.11/turn              (no ring)

@: no status effects
A: horns 1, thin metallic scales 2, fire resistance 1, powered by death 1, flame
cloud immunity
a: Wall Jump, Renounce Religion


You were on level 7 of the Dungeon.
You worshipped Wu Jian.
Wu Jian was pleased with you.
You were not hungry.

You visited 2 branches of the dungeon, and saw 8 of its levels.
You also visited: Sewer.

You collected 371 gold pieces.

Inventory:

Armour
 a - a +0 robe
 h - a +0 chain mail (worn)
 x - a +2 helmet
 B - a +0 buckler (worn)
Jewellery
 y - a +5 ring of intelligence {unknown}
Wands
 c - a wand of clouds (8)
 n - a wand of digging (22)
 u - a wand of polymorph (14)
Scrolls
 i - 3 scrolls of enchant armour
 k - 2 scrolls of fear
 r - 6 scrolls of magic mapping
 s - 4 scrolls of enchant weapon
 w - 3 scrolls of remove curse
 A - 2 scrolls of noise
Potions
 d - 2 potions of might
 e - 4 potions of degeneration
 f - 2 potions of resistance
 g - 4 potions of curing
 j - 3 potions of haste
 l - a potion of lignification {unknown}
 m - 6 potions of heal wounds
 o - a potion of brilliance
 q - 2 potions of magic
 v - a potion of mutation
 z - a potion of agility
Books
 C - a book of Cantrips

   Spells                             Type                      Level
   a - Confusing Touch                Hexes                        1
   b - Animate Skeleton               Necromancy                   1
   c - Summon Small Mammal            Summoning                    1
   d - Apportation                    Translocation                1
 D - a book of Debilitation

   Spells                             Type                      Level
   a - Corona                         Hexes                        1
   b - Slow                           Hexes                        2
   c - Inner Flame                    Hexes/Fire                   3
   d - Portal Projectile              Hexes/Translocation          3
   e - Cause Fear                     Hexes                        4
   f - Leda's Liquefaction            Hexes/Earth                  4
Comestibles
 b - 14 rations


   Skills:
 + Level 7.5 Fighting
 - Level 2.6 Dodging
 - Level 1.7 Stealth
 + Level 3.7 Shields
 * Level 9.4 Unarmed Combat


You had 8 spell levels left.
You didn't know any spells.

Dungeon Overview and Level Annotations

Branches:
Dungeon (7/15)             Temple (1/1) D:4

Altars:
Ashenzari
Cheibriados
Dithmenos
Elyvilon
Gozag
Hepliaklqana
Makhleb
Nemelex Xobeh
Qazlal
Trog
Uskayaw
Wu Jian
Yredelemnul
Zin
The Shining One


Innate Abilities, Weirdness & Mutations

You have a pair of small horns on your head.
You are mostly covered in thin metallic scales. (AC +3)
Your flesh is heat resistant. (rF+)
You regenerate a little health from kills.
You are immune to clouds of flame.


Message History

The bolt of electricity hits you!
The electric eel is engulfed in poison gas.
The electric eel looks even sicker.
The electric eel shoots out a bolt of lightning at you!
The bolt of electricity hits you!
* * * LOW HITPOINT WARNING * * *
The electric eel is engulfed in poison gas.
The electric eel looks as sick as possible!
The electric eel shoots out a bolt of lightning at you!
The bolt of electricity hits you!
* * * LOW HITPOINT WARNING * * *
The bolt of electricity hits you!
* * * LOW HITPOINT WARNING * * *
You kill the electric eel!
The Council accepts your kill.
The electric eel is engulfed in poison gas.
The electric eel is poisoned.
The electric eel shoots out a bolt of lightning at you!
The bolt of electricity hits you!
You die...

#<# .... #.#
#....≈ ..≈≈≈
#.# #..≈≈
≈≈≈≈≈ #.#
#.≈≈♣ #.#
#.≈≈♣ ≈ #.#
#.≈≈♣♣♣≈. #.#
#..≈≈≈≈≈≈
#(###.≈...≈≈≈
#@##..≈≈≈≈≈≈≈
#.....≈≈♣♣♣≈.
#.....≈≈♣
#...>.§§♣♣♣≈
#....§§§§≈≈≈
#.....§§;≈.≈.
##....≈≈§≈≈≈.
#####≈≈♣♣♣≈≈
≈≈♣ ≈≈


You could see an electric eel.

Vanquished Creatures
  Pikel (D:7)
  A hungry ghost (D:7)
  Duvessa (D:7)
  A sky beast (D:6)
  A black bear (D:7)
  3 slaves
  2 ogres
  5 bullfrogs
  Dowan (D:7)
  2 scorpions
  A vampire bat (D:3)
  4 electric eels (D:7)
  3 crimson imps
  A hound (D:4)
  A jelly (D:6)
  2 bullfrog skeletons
  2 orc priests (D:5)
  Ijyb (D:3)
  2 iguanas
  3 orc wizards
  5 worker ants (D:4)
  A hound skeleton (D:4)
  A howler monkey skeleton (D:4)
  10 adders
  3 river rats (Sewer)
  2 oozes (Sewer)
  5 worms
  2 dart slugs (D:1)
  3 fire bats (D:3)
  6 leopard geckos
  17 orcs
  2 spectral bats (D:3)
  3 bat skeletons (D:3)
  A bat zombie (D:3)
  9 giant cockroaches
  3 hobgoblins
  4 jackals
  2 quokkas
  8 ball pythons (Sewer)
  16 bats
  A bat simulacrum (D:3)
  6 frilled lizards
  5 kobolds
  33 rats
186 creatures vanquished.

Notes
Turn   | Place    | Note
-------+----------+-------------------------------------------
     0 | D:1      | kae the Demonspawn Monk began the quest for the Orb.
     0 | D:1      | Reached XP level 1. HP: 18/18 MP: 1/1
   126 | D:1      | Reached skill level 3 in Unarmed Combat
   296 | D:1      | Gained mutation: Your flesh is heat resistant. (rF+) [demonic ancestry]
   296 | D:1      | Reached XP level 2. HP: 19/24 MP: 2/2
  1156 | D:2      | Reached XP level 3. HP: 28/29 MP: 3/3
  1520 | D:3      | Noticed Ijyb
  1537 | D:3      | Killed Ijyb
  1547 | D:3      | Found a glowing drain.
  1571 | Sewer    | Entered a sewer
  1593 | Sewer    | Reached skill level 4 in Unarmed Combat
  1643 | Sewer    | Gained mutation: You are partially covered in thin metallic scales. (AC +2) [demonic ancestry]
  1643 | Sewer    | Reached XP level 4. HP: 34/37 MP: 4/4
  2191 | Sewer    | Reached XP level 5. HP: 17/42 MP: 5/5
  2513 | Sewer    | Reached skill level 5 in Unarmed Combat
  2516 | Sewer    | Gained mutation: You are mostly covered in thin metallic scales. (AC +3) [demonic ancestry]
  2516 | Sewer    | Reached XP level 6. HP: 45/49 MP: 6/6
  2746 | D:3      | Found a stormy altar of Qazlal.
  2747 | D:3      | Noticed an air elemental
  2749 | D:3      | Noticed a fire elemental
  2749 | D:3      | Noticed a water elemental
  2826 | D:3      | Found a basalt altar of Yredelemnul.
  2851 | D:3      | Noticed a profane servitor
  2862 | D:3      | Found a glowing golden altar of the Shining One.
  3120 | D:3      | Found a glowing silver altar of Zin.
  3135 | D:3      | Reached skill level 5 in Fighting
  3135 | D:3      | Reached skill level 6 in Unarmed Combat
  3458 | D:3      | Noticed an angel
  3685 | D:4      | Gained mutation: You regenerate a little health from kills. [demonic ancestry]
  3685 | D:4      | Reached XP level 7. HP: 56/56 MP: 7/7
  4496 | D:4      | Found a staircase to the Ecumenical Temple.
  4520 | Temple   | Entered the Ecumenical Temple
  4582 | Temple   | Became a worshipper of the Wu Jian Council
  4582 | Temple   | Reached * piety under Wu Jian
  4582 | Temple   | Reached ** piety under Wu Jian
  4768 | D:5      | Entered Level 5 of the Dungeon
  4775 | D:5      | Reached skill level 7 in Unarmed Combat
  4886 | D:5      | Found an opulent altar of Gozag.
  5252 | D:5      | Gained mutation: You are immune to clouds of flame. [demonic ancestry]
  5252 | D:5      | Reached XP level 8. HP: 25/64 MP: 8/8
  5773 | D:6      | Reached skill level 1 in Shields
  6428 | D:6      | Reached skill level 8 in Unarmed Combat
  6538 | D:7      | Noticed Pikel
  6998 | D:7      | Killed Pikel
  6998 | D:7      | Reached skill level 9 in Unarmed Combat
  6998 | D:7      | Gained mutation: You have a pair of small horns on your head. [demonic ancestry]
  6998 | D:7      | Reached XP level 9. HP: 54/72 MP: 9/9
  7635 | D:7      | Noticed Duvessa
  7635 | D:7      | Noticed Dowan
  7650 | D:7      | Killed Duvessa
  7663 | D:7      | Killed Dowan
  7993 | D:7      | HP: 3/72 [electric eel/bolt of electricity (10)]
  7994 | D:7      | Killed from afar by an electric eel

Skill      XL: |  1  2  3  4  5  6  7  8 |
---------------+-------------------------+-----
Unarmed Combat | 3 4 5 6 7 9 |  9.4
Fighting       | 4 5 6 7 |  7.5
Shields        | 3 |  3.7
Dodging        | |  2.6
Stealth        | |  1.7

Action                   |  1- 3 |  4- 6 |  7- 9 || total
-------------------------+-------+-------+-------++-------
Melee: Unarmed           |   148 |   339 |   517 ||  1004
       Punch             |     3 |     6 |     3 ||    12
       Headbutt          |       |       |    12 ||    12
Invok: Lunge             |       |       |    13 ||    13
       Whirlwind         |       |       |    56 ||    56
       Wall Jump         |       |       |    33 ||    33
Evoke: Wand              |       |       |     1 ||     1
  Use: Scroll            |     7 |     9 |     4 ||    20
       Potion            |     1 |     4 |       ||     5
 Stab: Sleeping          |     1 |     4 |       ||     5
       Distracted        |       |     1 |       ||     1
  Eat: Chunk             |     2 |     8 |    12 ||    22
       Ration            |       |       |     1 ||     1
Armor: Robe              |    35 |   159 |    22 ||   216
       Chain mail        |       |       |   218 ||   218
Dodge: Dodged            |    96 |   370 |   123 ||   589
Block: Buckler           |       |       |    53 ||    53
